 Dungeon Crawl Stone Soup version 0.31-a0-806-g0bc164a743 (console) character file.

Game seed: 3750277155012568905

30 capslocke the Magician (level 3, -6/37 HPs)
             Began as a Demonspawn Hedge Wizard on Sept 21, 2023.
             Killed from afar by an orc wizard (8 damage)
             ... with a magic dart
             ... on level 2 of the Dungeon.
             The game lasted 00:05:48 (1167 turns).

capslocke the Magician (Demonspawn Hedge Wizard)    Turns: 1167, Time: 00:05:49

Health: -6/37      AC:  2    Str: 10    XL:     3   Next: 3%
Magic:  3/8        EV: 12    Int: 17    God:
Gold:   58         SH:  0    Dex: 12    Spells: 8/9 levels left

rFire   . . .        a - +0 dagger
rCold   . . .        (no shield)
rNeg    . . .        b - +0 robe
rPois   +            c - +0 hat
rElec   .            (no cloak)
rCorr   .            (no gloves)
SInv    .            (no boots)
Will    .....        (no amulet) Stlth
                     h - ring of wizardry
HPRegen 0.26/turn    j - ring of poison resistance
MPRegen 0.11/turn

%: wizardry (x1)
@: berserking (expiring), very quick
A: claws 1
a: no special abilities


You were on level 2 of the Dungeon.
You visited 1 branch of the dungeon, and saw 2 of its levels.

You collected 58 gold pieces.

Inventory:

Hand Weapons
 a - a +0 dagger (weapon)
Missiles
 k - 3 poisoned darts
Armour
 b - a +0 robe (worn)
 c - a +0 hat (worn)
Jewellery
 h - a ring of wizardry (left claw)
 j - a ring of poison resistance (right claw)
Scrolls
 e - a scroll of enchant weapon {unknown}
 g - a scroll of identify {unknown}
 i - a scroll of teleportation {unknown}
Potions
 d - a potion of magic
 l - a potion of brilliance {unknown}


   Skills:
 + Level 0.4 Fighting
 - Level 0.2 Short Blades
 + Level 1.9 Dodging
 - Level 1.7 Stealth
 + Level 3.7 Spellcasting
 + Level 1.3 Conjurations
 + Level 1.0 Summonings
 + Level 0.8 Translocations


You had 8 spell levels left.
You knew the following spells:

 Your Spells              Type           Power      Damage    Failure   Level
a - Magic Dart            Conj           28%        1d4       4%          1

Your spell library contained the following spells:

 Spells                   Type           Power      Damage    Failure   Level
 Shock                    Conj/Air       20%        1d4       4%          1
 Slow                     Hex            12%        N/A       6%          1
 Call Imp                 Summ           12%        N/A       6%          2
 Blink                    Tloc           12%        N/A       7%          2
 Cigotuvi's Dreadful Rot  Necr/Pois/Air  6%         N/A       10%         2
 Dazzling Flash           Conj/Hex       10%        N/A       16%         3
 Mephitic Cloud           Conj/Pois/Air  4%         N/A       16%         3
 Volatile Blastmotes      Fire/Tloc      8%         2d10      16%         3
 Swiftness                Air            3%         N/A       19%         3
 Airstrike                Air            1%         2d(1-17)  52%         4
 Starburst                Conj/Fire      2%         6d3       99%         6
 Maxwell's Capacitive Co  Air            1%         ∞         100%        8


Dungeon Overview and Level Annotations

Branches:
Dungeon (2/15)

Altars:

Shops:
D:1 *   D:2 =[


Innate Abilities, Weirdness & Mutations

You have sharp fingernails.


Message History

The orc wizard is heavily wounded.
The orc wizard casts a spell.
The orc wizard flickers and vanishes!
Deactivating autopickup; reactivate with Ctrl-A.
You hear a shout!
You bump into the rock wall.
An orc wizard comes into view. It is wielding a +0 dagger.
Something hits you.
You're too confused to move!
You hear some strange, mumbled words.
Something tries to affect you, but you resist.
You bump into the rock wall.
Something hits you. Something hits you.
You barely miss something. Something hits you.
The adder attacks as it pursues you! The adder bites you.
The adder closely misses you.
You miss the adder. The adder bites you.
You bump into the rock wall.
The adder bites you.
You bump into the rock wall.
The adder bites you.
* * * LOW HITPOINT WARNING * * *
The adder bites you.
* * * LOW HITPOINT WARNING * * *
You're too confused to move!
The adder bites you.
* * * LOW HITPOINT WARNING * * *
It was a potion of berserk rage.
A red film seems to cover your vision as you go berserk!
You feel yourself moving faster!
You feel mighty! The adder bites you.
* * * LOW HITPOINT WARNING * * *
You are too berserk!
You're too confused to move!
You feel a strong urge to attack something.
The adder bites you but does no damage.
You bump into the rock wall.
The adder barely misses you.
You closely miss the adder.
You feel less confused. The adder barely misses you.
You puncture the adder!
You kill the adder!
The orc wizard casts a spell at you. The magic dart hits you!
You die...

.. #.# #.. #. ### ... #
... # ######.#### ####
#....#.#.. ..# #.##.#.#.#
#.# #.#∩.#.#.#####.#####
#.#####o####..............
#...oog{.@...#.##..#.#####
...).#######.#.##..#.#
..#. ..#.......# #
############


You could see an orc wizard, 2 orcs and a hobgoblin.

Vanquished Creatures
  An adder (D:2)
  4 ball pythons
  A bat (D:1)
  3 endoplasms
  A giant cockroach (D:1)
  3 goblins
  4 hobgoblins
  A frilled lizard (D:1)
  7 kobolds (D:1)
  A rat (D:1)
26 creatures vanquished.

Notes
Turn   | Place    | Note
-------+----------+-------------------------------------------
     0 | D:1      | capslocke the Demonspawn Hedge Wizard began the quest for
                  | the Orb.
     0 | D:1      | Reached XP level 1. HP: 13/13 MP: 4/4
   231 | D:1      | Gained mutation: You have sharp fingernails. [demonic
                  | ancestry]
   231 | D:1      | Reached XP level 2. HP: 19/19 MP: 1/6
   371 | D:1      | Found Ceeskufa's General Store.
   991 | D:2      | Found Bylluig's Armour Emporium.
  1084 | D:2      | Reached XP level 3. HP: 25/25 MP: 5/8
  1130 | D:2      | Found Zekhets's Jewellery Shoppe.
  1163 | D:2      | HP: 1/37 [adder (3)]
  1167 | D:2      | Killed from afar by an orc wizard

Illustrated notes

Levels and vault maps discovered:
D:1:      dpeg_arrival_erosion, layout_rooms, serial_shops,
          nicolae_shop_tiny_glass
D:2:      layout_loops_cross, serial_shops, shop, nicolae_shop_back_alley_shop,
          nicolae_shop_back_alley_shop, shop, shop, grunt_decor_cap

Action                     || total
---------------------------++-------
  Melee: Dagger            ||    37
   Cast: Magic Dart        ||    61
    Use: Potion            ||     1
 Armour: Robe              ||    32
  Dodge: Dodged            ||    27

Table legend: (Time is in decaauts)
 A = Elapsed time spent in this place.
 B = Non-inter-level travel time spent in this place.
 C = Inter-level travel time spent in this place.
 D = Time resting spent in this place.
 E = Time spent auto-exploring this place.
 F = Levels seen in this place.
 G = Mean time per level.
                   A        B        C        D        E       F      G
               +--------+--------+--------+--------+--------+-----+--------+
         Total |   1164 |   1144 |     20 |    349 |    586 |   2 |  582.0 |
       Dungeon |   1164 |   1144 |     20 |    349 |    586 |   2 |  582.0 |
               +--------+--------+--------+--------+--------+-----+--------+

Top non-repeatable levels by time:
     D:1: 808 daAuts
     D:2: 356 daAuts
